 Dungeon Crawl Stone Soup version 0.30-a0-778-g2ef04afb54 (console) character file.

Game seed: 7307348004850091440

7 rlgrobin the Shield-Bearer (level 2, 0/26 HPs)
             Began as a Meteoran Fighter on Feb 15, 2023.
             Slain by an orc
             ... wielding a +0 trident
              (4 damage)
             ... on level 4 of the Dungeon.
             The game lasted 00:00:28 (86 turns).

rlgrobin the Shield-Bearer (Meteoran Fighter)         Turns: 86, Time: 00:00:28

Health: 0/26       AC:  6    Str: 17    XL:     2   Next: 23%
Magic:  3/3        EV:  9    Int:  9    God:
Gold:   18         SH:  5    Dex: 13    Spells: 1/1 levels left

rFire   . . .      SeeInvis .    a - +0 war axe
rCold   . . .      Faith    .    c - +0 buckler
rNeg    . . .      Spirit   .    b - +0 scale mail
rPois   .          Reflect  .    (no helmet)
rElec   .          Harm     .    (no cloak)
rCorr   .          Rampage  .    (no gloves)
Will    .....                    (no boots) Stlth
                                 (no amulet)
HPRegen 0.24/turn                (no ring)
MPRegen 0.08/turn                (no ring)

@: glowing
A: sense surroundings 1, otherworldly, glowing, explore regen
a: no special abilities


You were on level 4 of the Dungeon.
You visited 1 branch of the dungeon, and saw 4 of its levels.

You collected 18 gold pieces.

Inventory:

Hand Weapons
 a - a +0 war axe (weapon)
Armour
 b - a +0 scale mail (worn)
 c - a +0 buckler (worn)
Scrolls
 f - a scroll of fog {unknown}
 g - a scroll of fear {unknown}
Potions
 d - a potion of might
 e - 2 potions of invisibility {unknown}


   Skills:
 - Level 3.2 Fighting
 + Level 3.3 Axes
 - Level 3.6 Armour
 - Level 3.6 Shields


You had one spell level left.
You didn't know any spells.
Your spell library was empty.

Dungeon Overview and Level Annotations

Branches:
Dungeon (4/15) Zot: 2309
 Temple: D:4-7

Altars:


Innate Abilities, Weirdness & Mutations

You passively map a small area around you.
You are easily found by Zot.
You glow in the dark.
You regain HP and MP as you explore.


Message History

There is a stone staircase leading up here.
You hit the hobgoblin.
The hobgoblin is heavily wounded.
The hobgoblin hits you but does no damage.
A gnoll comes into view. It is wielding a +0 whip.
You slash the hobgoblin!
You kill the hobgoblin!
You barely miss the quokka. You block the quokka's attack.
The quokka bites you but does no damage.
You hit the quokka.
You kill the quokka!
You barely miss the orc. You slash the orc!
You kill the orc!
The orc hits you with a +0 hand axe. The orc hits you but does no damage.
Your Axes skill increases to level 3!
You have reached level 2!
You hit the orc.
The orc is heavily wounded.
The orc hits you with a +0 hand axe. The orc hits you but does no damage.
You hit the orc but do no damage.
The orc is heavily wounded.
The orc closely misses you. The orc barely misses you.
You barely miss the orc.
The orc is heavily wounded.
The orc hits you with a +0 hand axe. The orc barely misses you.
A gnoll comes into view. It is wielding a +0 spear.
The orc closely misses you. The orc hits you with a +0 hand axe.
The gnoll hits you but does no damage.
The gnoll shouts!
You hit the orc but do no damage.
The orc is heavily wounded.
You slash the gnoll! The orc hits you with a +0 hand axe.
The orc hits you from afar with a +0 trident.
A gnoll comes into view. It is wielding a +0 spear.
The gnoll hits you with a +0 whip!
* * * LOW HITPOINT WARNING * * *
You are too injured to fight recklessly!
The orc closely misses you.
The orc hits you from afar with a +0 trident.
You die...

* , , * * *,
*########. *
#........
#..[...#
#......#
####..o...#
####...o.....#
.......@)....#
,
....###.g....#
* * * # *
#..?...#
#.....?# * , *
#.....g.g * *
#####...# , ,
, * .### , , ,
# * * * , *


You could see 3 gnolls and 2 orcs.

Vanquished Creatures
  An orc (D:4)
  A bat (D:1)
  A hobgoblin (D:4)
  A kobold (D:1)
  A quokka (D:4)
5 creatures vanquished.

Notes
Turn   | Place    | Note
-------+----------+-------------------------------------------
     0 | D:1      | rlgrobin the Meteoran Fighter began the quest for the Orb.
     0 | D:1      | Reached XP level 1. HP: 19/19 MP: 2/2
    82 | D:4      | Reached XP level 2. HP: 23/26 MP: 3/3
    86 | D:4      | Slain by an orc

Illustrated notes

Levels and vault maps discovered:
D:1:      dpeg_arrival_windows_large_door, layout_rooms,
          chequers_serial_rivers_small_3
D:2:      layout_loops_ring, basic_altar, nrook_mini_backslash
D:3:      layout_loops_ring, mainiacjoe_overflow_small_starburst,
          ebering_ecumenical_altar_sacrificial, serial_shops, shop,
          serial_aquarium, aquarium_bridge_straight [aquarium_subvault_bridge,
          aquarium_subvault_window, aquarium_subvault_bridge,
          aquarium_subvault_wall], aquarium_bridge_square
          [aquarium_subvault_wall, aquarium_subvault_window,
          aquarium_subvault_window, aquarium_subvault_bridge],
          aquarium_window_1, aquarium_window_fake, aquarium_view_2b,
          minmay_pentangle
D:4:      layout_rooms, kennysheep_vampire_church, temple_doors_ab,
          uniq_sigmund, uniq_eustachio

Skill      XL: |  1 |
---------------+----+-----
Axes           | 3 |  3.3
Fighting       | |  3.2
Armour         | |  3.6
Shields        | |  3.6

Action                     || total
---------------------------++-------
  Melee: War axe           ||    12
 Armour: Scale mail        ||    13
  Dodge: Dodged            ||    10
  Block: Buckler           ||     4

Table legend: (Time is in decaauts)
 A = Elapsed time spent in this place.
 B = Non-inter-level travel time spent in this place.
 C = Inter-level travel time spent in this place.
 D = Time resting spent in this place.
 E = Time spent auto-exploring this place.
 F = Levels seen in this place.
 G = Mean time per level.
                   A        B        C        D        E       F      G
               +--------+--------+--------+--------+--------+-----+--------+
         Total |     90 |     90 |      0 |      0 |      0 |   4 |   22.5 |
       Dungeon |     90 |     90 |      0 |      0 |      0 |   4 |   22.5 |
               +--------+--------+--------+--------+--------+-----+--------+

Top non-repeatable levels by time:
     D:1: 54 daAuts
     D:3: 15 daAuts
     D:4: 11 daAuts
     D:2: 7 daAuts
